 Dungeon Crawl Stone Soup version 0.31-a0-177-g4aa6249778 (webtiles) character file.

Game seed: 7445087717762213027

100 qw the Chopper (level 4, 0/28 HPs)
             Began as a Gargoyle Fighter on June 18, 2023.
             Slain by a gnoll
             ... wielding a +0 spear
              (1 damage)
             ... on level 3 of the Dungeon.
             The game lasted 00:01:06 (2066 turns).

qw the Chopper (Gargoyle Fighter)                   Turns: 2066, Time: 00:01:07

Health: 0/28       AC: 13    Str: 21    XL:     4   Next: 74%
Magic:  4/4        EV:  4    Int:  9    God:
Gold:   113        SH:  0    Dex:  9    Spells: 3/3 levels left

rFire   . . .        Y - +0 war axe
rCold   . . .        c - +0 buckler
rNeg    + + .        i - +0 chain mail
rPois   inf          (no helmet)
rElec   +            (no cloak)
rCorr   .            (no gloves)
SInv    .            j - +0 pair of boots
Will    .....        g - amulet of reflection Stlth
                     e - ring of positive energy
HPRegen 0.24/turn    (no ring)
MPRegen 0.09/turn

%: reflection
@: held
A: sickness immunity, AC +3, negative energy resistance 1, electricity
resistance, torment resistance 1, petrification resistance
a: no special abilities


You were on level 3 of the Dungeon.
You visited 1 branch of the dungeon, and saw 3 of its levels.

You collected 113 gold pieces.


Innate Abilities, Weirdness & Mutations

You are immune to sickness and miasma.
Your stone body is resilient. (AC +3)
You are immune to poison.
You resist negative energy. (rN+)
You are resistant to electric shocks. (rElec)
You are resistant to unholy torment.
You are immune to petrification.


   Skills:
 - Level 3.2 Fighting
 + Level 4.3 Axes
 - Level 3.2 Armour
 - Level 3.2 Shields


You had 3 spell levels left.
You didn't know any spells.
Your spell library was empty.

Inventory:

Hand Weapons
 k - a +0 whip
 Y - a +0 war axe (weapon)
Armour
 b - a scarf of shadows
 c - a +0 buckler (worn)
 i - a +0 chain mail (worn)
 j - a +0 pair of boots (worn)
Jewellery
 e - a ring of positive energy (left hand)
 g - an amulet of reflection (around neck)
Scrolls
 a - a scroll of vulnerability {unknown}
Potions
 d - a potion of might
 h - a potion of enlightenment {unknown}
 l - a potion of curing {unknown}

Dungeon Overview and Level Annotations

Branches:
Dungeon (3/15)

Altars:

Annotations:
D:2 1 runed translucent door, Crazy Yiuf


Message History

You barely miss the ball python.
The ball python bites you but does no damage.
The ball python constricts you.
You slash the ball python!
You kill the ball python!
You slash the endoplasm!
You kill the endoplasm!
Found 4 stones.
You now have 113 gold pieces (gained 15).
Items here: %%% )).
Found a stone staircase leading down.
Found a stone staircase leading down.
A gnoll comes into view. It is wielding a +0 spear.
The gnoll shouts!
A gnoll comes into view. It is wielding a +0 spear. x2
A kobold comes into view.
It is wielding a +0 short sword and quivering poisoned darts.
The kobold shouts!
The gnoll shouts!
The kobold throws a poisoned dart.
The poisoned dart barely misses you.
A hobgoblin and a gnoll come into view.
The hobgoblin shouts!
The gnoll shouts!
You block the gnoll's attack. The gnoll barely misses you.
The kobold throws a poisoned dart.
The poisoned dart barely misses you.
You closely miss the gnoll. You block the gnoll's attack.
The gnoll hits you from afar with a +0 spear.
The gnoll throws a throwing net.
The throwing net barely misses you.
You hit the gnoll but do no damage. The gnoll barely misses you.
The gnoll throws a throwing net.
The throwing net hits you.
You become entangled in the net!
The gnoll hits you from afar with a +0 spear.
The gnoll hits you but does no damage.
You struggle against the net.
The gnoll hits you but does no damage. The gnoll completely misses you.
The gnoll hits you but does no damage. x2
You struggle against the net.
The gnoll hits you with a +0 spear.
The gnoll hits you from afar with a +0 halberd!
The gnoll hits you from afar with a +0 spear!
The gnoll hits you from afar with a +0 spear.
You die...

##.........>.
..#
#.#.#.(##.###
#.........#
###.(.....#
###...### #...#
#...#######
#..>......#
#.g@#####.#
...............
....K..ggg.....
........g......
#####...#####.#
#.... # #...#
.....


You could see 4 gnolls, a hobgoblin and a kobold.

Vanquished Creatures
  A gnoll (D:1)
  2 adders (D:2)
  A worm (D:2)
  3 dart slugs (D:1)
  An orc (D:3)
  7 endoplasms
  3 giant cockroaches
  7 goblins
  5 hobgoblins
  4 jackals (D:3)
  8 ball pythons
  7 bats
  5 frilled lizards
  A kobold (D:3)
  6 rats
61 creatures vanquished.

Notes
Turn   | Place    | Note
-------+----------+-------------------------------------------
     0 | D:1      | qw the Gargoyle Fighter began the quest for the Orb.
     0 | D:1      | Reached XP level 1. HP: 14/14 MP: 1/1
     0 | D:1      | 0 ||| qw: Version: 0.3-a-7-ge0c9b40
     0 | D:1      | 0 ||| qw: Game counter: 801
     0 | D:1      | 0 ||| qw: Always use a shield: true
     0 | D:1      | 0 ||| qw: God list: Okawaru
     0 | D:1      | 0 ||| qw: Allow faded altars: false
     0 | D:1      | 0 ||| qw: Do Orc after D:15 true
     0 | D:1      | 0 ||| qw: Do second Lair branch before Depths: true
     0 | D:1      | 0 ||| qw: Lair rune preference: random
     0 | D:1      | 0 ||| qw: Plans: Normal, Zot:1-4, Slime:5, God:TSO, Crypt,
                  | Tomb, Abyss, Pan, Hells, Win
     0 | D:1      | 0 ||| PLANNING D:1-11
    81 | D:1      | Reached skill level 2 in Axes
   154 | D:1      | Reached XP level 2. HP: 19/19 MP: 2/2
   232 | D:1      | 232 ||| FLEEEEING.
   234 | D:1      | 234 ||| FLEEEEING.
   235 | D:1      | 235 ||| FLEEEEING.
   236 | D:1      | 236 ||| FLEEEEING.
   237 | D:1      | 237 ||| FLEEEEING.
   238 | D:1      | 238 ||| FLEEEEING.
   239 | D:1      | 239 ||| FLEEEEING.
   240 | D:1      | 240 ||| FLEEEEING.
   401 | D:1      | Reached skill level 3 in Axes
   449 | D:1      | Reached XP level 3. HP: 23/23 MP: 3/3
   484 | D:1      | 484 ||| DROPPING +0 club.
  1021 | D:1      | 1021 ||| UPGRADING to +0 chain mail.
  1031 | D:1      | 1031 ||| DROPPING +0 scale mail.
  1032 | D:1      | 1032 ||| UPGRADING to +0 pair of boots.
  1037 | D:1      | 1037 ||| UPGRADING to amulet of reflection.
  1042 | D:1      | 1042 ||| DROPPING ring of wizardry.
  1043 | D:1      | 1043 ||| READING scroll labelled XAECUWKOCA.
  1044 | D:1      | 1044 ||| READING scroll labelled TAWNAE ELIESM.
  1124 | D:2      | Reached XP level 4. HP: 28/28 MP: 4/4
  1352 | D:2      | Reached skill level 4 in Axes
  1482 | D:2      | Identified the +4 dagger of Kicid {spect, Will+ MP+9 SInv}
  1692 | D:2      | Found a runed translucent door.
  1693 | D:2      | Noticed Crazy Yiuf
  1928 | D:2      | 1928 ||| UPGRADING to ring of positive energy.
  1929 | D:2      | 1929 ||| READING scroll labelled CUXUMU OQEIQIYR.
  1930 | D:2      | 1930 ||| READING scroll labelled OSAFEMIMNE.
  1963 | D:3      | 1963 ||| Stepping ~*~*~tactically~*~*~ (stealth).
  2066 | D:3      | HP: 1/28 [gnoll/+0 spear (8)]
  2066 | D:3      | Slain by a gnoll

Levels and vault maps discovered:
D:1:      nicolae_arrival_somewhat_less_tricky_arrival, layout_basic,
          serial_glass, glass_columns_a, glass_columns_a, item_on_display_a,
          item_on_display_a, minmay_strange_pillars, feat_on_display,
          corexii_hall_statues_l, minmay_distorted
D:2:      layout_basic, uniq_crazy_yiuf_cottage
D:3:      layout_loops_cross, kennysheep_generic_room_5

Skill      XL: |  1  2  3  4 |
---------------+-------------+-----
Axes           | 2 3 4 |  4.3
Fighting       | |  3.2
Armour         | |  3.2
Shields        | |  3.2

Action                     |  1- 3 |  4- 6 || total
---------------------------+-------+-------++-------
  Melee: War axe           |    86 |    72 ||   158
    Use: Scroll            |     2 |     2 ||     4
 Armour: Scale mail        |    33 |       ||    33
         Chain mail        |     8 |    32 ||    40
  Dodge: Dodged            |    43 |    23 ||    66
  Block: Buckler           |    21 |    34 ||    55
         Reflection        |     1 |     1 ||     2

Table legend:
 A = Non-vault XP
 B = Vault XP
 C = Vault XP percentage of total XP
 D = Non-vault monster count
 E = Vault monster count
 F = Vault count percentage of total count
                 A         B        C        D         E       F
            +---------+---------+-------+---------+---------+-------
      Total |     142 |       2 |   1.4 |      60 |       1 |   1.6
            +---------+---------+-------+---------+---------+-------
        D:1 |      64 |       2 |   3.0 |      29 |       1 |   3.3
        D:2 |      57 |       0 |   0.0 |      20 |       0 |   0.0
        D:3 |      21 |       0 |   0.0 |      11 |       0 |   0.0
            +---------+---------+-------+---------+---------+-------
